 Dungeon Crawl Stone Soup version 0.31-a0-1163-gcee99d1eea (webtiles) character file.

Game seed: 15750912823815743745

91 ChronoRanger the Shield-Bearer (level 4, -1/40 HPs)
             Began as a Minotaur Fighter on Dec 9, 2023.
             Slain by a gnoll
             ... wielding a +0 flail
             ... led by a gnoll bouda
              (8 damage)
             ... on level 2 of the Dungeon.
             The game lasted 00:03:43 (1730 turns).

ChronoRanger the Shield-Bearer (Minotaur Fighter)   Turns: 1730, Time: 00:03:43

Health: -1/40      AC: 10    Str: 22    XL:     4   Next: 34%
Magic:  3/3        EV:  8    Int:  5    God:
Gold:   175        SH:  4    Dex: 10    Spells: 3/3 levels left

rFire   . . .        a - +0 flail
rCold   . . .        c - +0 buckler
rNeg    + . .        k - +1 chain mail {rN+}
rPois   .            (helmet restricted)
rElec   .            (no cloak)
rCorr   .            (no gloves)
SInv    .            (no boots)
Will    .....        (no amulet) Stlth
                     (no ring)
HPRegen 0.26/turn    (no ring)
MPRegen 0.08/turn

%: no passive effects
@: mighty
A: horns 2, retaliatory headbutt
a: no special abilities


You were on level 2 of the Dungeon.
You visited 1 branch of the dungeon, and saw 3 of its levels.

You collected 175 gold pieces.

Inventory:

Hand Weapons
 a - a +0 flail (weapon)
Missiles
 g - 12 poisoned darts (quivered)
Armour
 c - a +0 buckler (worn)
 k - a +1 chain mail of positive energy (worn)
Scrolls
 f - a scroll of teleportation
Potions
 b - a potion of brilliance {unknown}
 e - a potion of degeneration {unknown}
 h - a potion of invisibility
 j - a potion of curing {unknown}


   Skills:
 + Level 4.2 Fighting
 * Level 4.0 Maces & Flails
 + Level 4.2 Armour
 + Level 4.3 Shields


You had 3 spell levels left.
You didn't know any spells.
Your spell library contained the following spells:

 Spells                   Type           Power      Damage    Failure   Level
 Tukima's Dance           Hex            0%         N/A       100%        3
 Dimensional Bullseye     Hex/Tloc       0%         N/A       100%        4
 Iskenderun's Mystic Bla  Conj/Tloc      0%         2d3       100%        4


Dungeon Overview and Level Annotations

Branches:
Dungeon (3/15)

Altars:


Innate Abilities, Weirdness & Mutations

You have a pair of horns on your head.
You reflexively headbutt those who attack you in melee.


Message History

The gnolls pick up the pace!
You block the gnoll's attack.
You closely miss the gnoll bouda. Your headbutt misses the gnoll bouda.
The gnoll bouda is severely wounded.
Your attacks no longer feel as feeble.
The gnoll closely misses you.
The gnoll bouda barks out a call to the hunt!
You block the gnoll's attack. x2
The gnoll hits you from afar with a +0 spear.
The gnoll hits you but does no damage. The gnoll bouda closely misses you.
You sock the gnoll bouda!
You kill the gnoll bouda!
The gnoll hits you from afar with a +0 halberd!
* * * LOW HITPOINT WARNING * * *
The gnoll hits you from afar with a +0 spear.
* * * LOW HITPOINT WARNING * * *
The gnoll hits you but does no damage.
Your Maces & Flails skill increases to level 4!
You have reached level 4!
You feel agile.
A gnoll comes into view. It is wielding a +0 halberd.
You block the gnoll's attack. The gnoll closely misses you.
You block the gnoll's attack. The gnoll attacks as it pursues you!
The gnoll closely misses you. The gnoll hits you but does no damage.
The gnoll attacks as it pursues you! You block the gnoll's attack.
The gnoll hits you but does no damage. The gnoll closely misses you.
The gnoll attacks as it pursues you! The gnoll hits you but does no damage.
The gnoll barely misses you.
There is a stone staircase leading up here.
The gnoll hits you from afar with a +0 halberd!
* * * LOW HITPOINT WARNING * * *
You climb upwards.
There is a stone staircase leading down here.
You barely miss the gnoll.
You headbutt the gnoll, but do no damage.
The gnoll barely misses you.
You barely miss the gnoll. Your headbutt misses the gnoll.
The gnoll hits you with a +0 flail!
You die...

######## ######
#......###@...###
#........#g##...#
#......#.#.####.#
#......#.#.####.###
#......#.#........#
####......#.#.###..#.# #######
#..........<#........###......
#.################....##......
#.#.................#.##......


You could see a gnoll (swift).

Vanquished Creatures
  A gnoll bouda (D:3)
  2 adders (D:2)
  A dart slug (D:2)
  5 bats
  3 endoplasms
  3 giant cockroaches (D:1)
  3 hobgoblins (D:1)
  2 quokkas (D:2)
  2 ball pythons (D:1)
  4 frilled lizards
  A goblin (D:2)
  8 kobolds
  7 rats
42 creatures vanquished.

Notes
Turn   | Place    | Note
-------+----------+-------------------------------------------
     0 | D:1      | ChronoRanger the Minotaur Fighter began the quest for the
                  | Orb.
     0 | D:1      | Reached XP level 1. HP: 19/19 MP: 0/0
   201 | D:1      | Reached XP level 2. HP: 27/27 MP: 1/1
   350 | D:1      | Found a faded altar of an unknown god.
  1105 | D:2      | Reached XP level 3. HP: 33/33 MP: 2/2
  1719 | D:3      | Reached XP level 4. HP: 13/40 MP: 3/3
  1730 | D:2      | Slain by a gnoll

Illustrated notes

Levels and vault maps discovered:
D:1:      onia_arrival_mini_maze_b, layout_basic,
          hellmonk_ecumenical_altar_prayer_group, serial_curves, eino_curves_01,
          eino_curves_01, serial_bayou_pond_e, corexii_hall_statues_s
D:2:      layout_basic
D:3:      layout_loops_corners, serial_shops, shop, uniq_pargi, uniq_grinder,
          uniq_natasha

Skill      XL: |  1  2  3 |
---------------+----------+-----
Maces & Flails | 3 4 |  4.0
Fighting       | 4 |  4.2
Armour         | 4 |  4.2
Shields        | 4 |  4.3

Action                     |  1- 3 |  4- 6 || total
---------------------------+-------+-------++-------
  Melee: Flail             |   109 |     2 ||   111
         Headbutt          |     8 |     1 ||     9
    Use: Scroll            |     3 |       ||     3
         Potion            |     1 |       ||     1
 Armour: Scale mail        |    20 |       ||    20
         Chain mail        |    67 |     5 ||    72
  Dodge: Dodged            |    48 |     5 ||    53
  Block: Buckler           |    31 |     3 ||    34

Table legend: (Time is in decaauts)
 A = Elapsed time spent in this place.
 B = Non-inter-level travel time spent in this place.
 C = Inter-level travel time spent in this place.
 D = Time resting spent in this place.
 E = Time spent auto-exploring this place.
 F = Levels seen in this place.
 G = Mean time per level.
                   A        B        C        D        E       F      G
               +--------+--------+--------+--------+--------+-----+--------+
         Total |   1761 |   1690 |     71 |     12 |   1078 |   3 |  587.0 |
       Dungeon |   1761 |   1690 |     71 |     12 |   1078 |   3 |  587.0 |
               +--------+--------+--------+--------+--------+-----+--------+

Top non-repeatable levels by time:
     D:1: 1019 daAuts
     D:2: 711 daAuts
     D:3: 31 daAuts
